 Dungeon Crawl Stone Soup version 0.31-a0-177-g4aa6249778 (webtiles) character file.

Game seed: 13380925973568424980

24 qw the Shooter (level 3, -2/32 HPs)
             Began as a Naga Hunter on June 18, 2023.
             Slain by a kobold
             ... wielding a +0 short sword
              (4 damage)
             ... on level 1 of the Dungeon.
             The game lasted 00:00:08 (277 turns).

qw the Shooter (Naga Hunter)                         Turns: 277, Time: 00:00:09

Health: -2/32      AC:  2    Str: 13    XL:     3   Next: 2%
Magic:  3/3        EV:  9    Int:  9    God:
Gold:   35         SH:  0    Dex: 16    Spells: 2/2 levels left

rFire   . . .        a - +0 shortbow
rCold   . . .        (shield currently unavailable)
rNeg    . . .        c - +0 leather armour
rPois   +            (no helmet)
rElec   .            (no cloak)
rCorr   .            (no gloves)
SInv    +            (no barding)
Will    .....        (no amulet)
Stlth   ++           (no ring)
HPRegen 0.25/turn    (no ring)
MPRegen 0.08/turn

%: no passive effects
@: short of breath, very slow
A: AC +1, large, see invisible, deformed body, poison resistance, slowness 2,
spit poison 1, naga tail 1
a: Spit Poison


You were on level 1 of the Dungeon.
You visited 1 branch of the dungeon, and saw 1 of its levels.

You collected 35 gold pieces.


Innate Abilities, Weirdness & Mutations

Your serpentine skin is tough. (AC +1)
You have supernaturally acute eyesight. (SInv)
Armour fits poorly on your strangely shaped body.
Your system is resistant to poisons. (rPois)
You cover ground very slowly.
You can spit poison.
You have a snake-like lower body.


   Skills:
 - Level 2.0 Fighting
 + Level 4.4 Ranged Weapons
 - Level 1.5 Dodging
 - Level 1.5 Stealth


You had 2 spell levels left.
You didn't know any spells.
Your spell library was empty.

Inventory:

Hand Weapons
 a - a +0 shortbow (weapon)
Armour
 c - a +0 leather armour (worn)
Jewellery
 d - a ring of flight
Scrolls
 b - a scroll of butterflies

Dungeon Overview and Level Annotations

Branches:
Dungeon (1/15)

Altars:


Message History

You kill the jackal!
The kobold throws a stone.
The stone hits you but does no damage.
You shoot an arrow. The arrow hits the jackal.
The jackal is heavily wounded.
You shoot an arrow. The arrow hits the jackal.
You kill the jackal!
You have got your breath back.
The quokka closely misses you.
The kobold throws a stone.
The stone hits you.
The quokka twitches its whiskers.
272 ||| INVOKING Spit Poison.
Aiming: Spit Poison (2% risk of failure)
Press: ? - help, Shift-Dir - straight line, f - quokka The splash of poison hits the quokka.
The quokka is poisoned.
You kill the quokka!
The quokka bites you.
The kobold throws a stone.
The stone hits you. The quokka barely misses you.
You have reached level 3!
Your experience leads to an increase in your attributes!
Increase (S)trength, (I)ntelligence, or (D)exterity?
You feel agile. x2; Your skin feels tougher.
You shoot an arrow. The arrow barely misses the quokka.
The quokka bites you.
You shoot an arrow. The arrow barely misses the quokka.
The quokka bites you. x2
You shoot an arrow. The arrow closely misses the kobold.
You have got your breath back.
The kobold hits you with a +0 short sword.
The quokka twitches its whiskers.
The quokka bites you. The kobold misses you.
276 ||| INVOKING Spit Poison.
Aiming: Spit Poison (2% risk of failure)
Press: ? - help, Shift-Dir - straight line, f/p - kobold The splash of poison hits the kobold.
The kobold is poisoned.
The kobold is moderately wounded.
The quokka bites you.
The kobold hits you with a +0 short sword.
You shoot an arrow. The arrow barely misses the kobold.
The quokka bites you.
The kobold hits you with a +0 short sword.
You die...

### ##.## .[# #.# #.#
#.# ### #.# ##+## #..
#.# ##...## #.# # #.#
##.....## #.# #.#
..####.......###.# ...#
...##.........##.#...##.
....'......=..'.@K......
.#.##......)..##r....##.
##.###.......###........
#.# ##.....## ##.##..##
#.# ##...## .# .# #.#
##+## .# # #.# .# ..# ..


You could see a quokka and a kobold (poisoned).

Vanquished Creatures
  2 endoplasms (D:1)
  4 goblins (D:1)
  3 hobgoblins (D:1)
  4 jackals (D:1)
  2 quokkas (D:1)
  A bat (D:1)
  3 kobolds (D:1)
  A rat (D:1)
20 creatures vanquished.

Notes
Turn   | Place    | Note
-------+----------+-------------------------------------------
     0 | D:1      | qw the Naga Hunter began the quest for the Orb.
     0 | D:1      | Reached XP level 1. HP: 19/19 MP: 1/1
     0 | D:1      | 0 ||| qw: Version: 0.3-a-5-g6f28e65
     0 | D:1      | 0 ||| qw: Game counter: 638
     0 | D:1      | 0 ||| qw: Always use a shield: true
     0 | D:1      | 0 ||| qw: God list: Okawaru
     0 | D:1      | 0 ||| qw: Allow faded altars: false
     0 | D:1      | 0 ||| qw: Do Orc after D:15 true
     0 | D:1      | 0 ||| qw: Do second Lair branch before Depths: true
     0 | D:1      | 0 ||| qw: Lair rune preference: random
     0 | D:1      | 0 ||| qw: Plans: Normal
     0 | D:1      | 0 ||| PLANNING D:1-11
    19 | D:1      | 19 ||| INVOKING Spit Poison.
    55 | D:1      | 55 ||| INVOKING Spit Poison.
    82 | D:1      | 82 ||| INVOKING Spit Poison.
   100 | D:1      | 100 ||| INVOKING Spit Poison.
   105 | D:1      | 105 ||| INVOKING Spit Poison.
   126 | D:1      | Reached skill level 4 in Ranged Weapons
   126 | D:1      | Reached XP level 2. HP: 26/26 MP: 2/2
   137 | D:1      | 137 ||| INVOKING Spit Poison.
   168 | D:1      | 168 ||| INVOKING Spit Poison.
   199 | D:1      | 199 ||| INVOKING Spit Poison.
   266 | D:1      | 266 ||| INVOKING Spit Poison.
   272 | D:1      | 272 ||| INVOKING Spit Poison.
   273 | D:1      | Reached XP level 3. HP: 24/32 MP: 3/3
   276 | D:1      | 276 ||| INVOKING Spit Poison.
   276 | D:1      | HP: 8/32 [quokka (4)]
   277 | D:1      | HP: 2/32 [quokka (4)]
   277 | D:1      | Slain by a kobold

Levels and vault maps discovered:
D:1:      ncdulo_smallfort, layout_loops_corners

Skill      XL: |  1 |
---------------+----+-----
Ranged Weapons | 4 |  4.4
Fighting       | |  2.0
Dodging        | |  1.5
Stealth        | |  1.5

Action                     || total
---------------------------++-------
   Fire: Shortbow          ||    32
Ability: Spit Poison       ||    11
 Armour: Leather armour    ||     1
  Dodge: Dodged            ||     3

Table legend:
 A = Non-vault XP
 B = Vault XP
 C = Vault XP percentage of total XP
 D = Non-vault monster count
 E = Vault monster count
 F = Vault count percentage of total count
                 A         B        C        D         E       F
            +---------+---------+-------+---------+---------+-------
      Total |      35 |       0 |   0.0 |      20 |       0 |   0.0
            +---------+---------+-------+---------+---------+-------
        D:1 |      35 |       0 |   0.0 |      20 |       0 |   0.0
            +---------+---------+-------+---------+---------+-------
